 Dungeon Crawl Stone Soup version 0.23.1 (webtiles) character file.

Game seed: 11919153455003046791

42424 Borgoz the Covert (level 14, -4/86 HPs)
             Began as a Kobold Enchanter on Mar 7, 2019.
             Was a Priest of Ashenzari.
             Slain by a skeletal warrior
             ... wielding a +0 battleaxe
             ... led by a skeletal warrior
              (18 damage)
             ... on level 14 of the Dungeon.
             The game lasted 01:26:20 (28866 turns).

Borgoz the Covert (Kobold Enchanter)               Turns: 28866, Time: 01:26:21

Health: -4/86      AC:  0    Str:  9    XL:     14   Next: 55%
Magic:  0/23       EV: 23    Int: 18    God:    Ashenzari [***...]
Gold:   921        SH:  0    Dex: 15    Spells: 11/25 levels left

rFire    . . .     SeeInvis +   (weapon currently unavailable)
rCold    . . .     Gourm    .   (shield currently unavailable)
rNeg     . . .     Faith    .   (armour currently unavailable)
rPois    .         Spirit   +   (helmet currently unavailable)
rElec    .         Reflect  .   (cloak currently unavailable)
rCorr    .         Harm     .   (gloves currently unavailable)
MR       +....                  (boots currently unavailable)
Stlth    +++++.....             h - amulet of guardian spirit
HPRegen  0.24/turn              (ring currently unavailable)
MPRegen  0.18/turn              (ring currently unavailable)

@: pig-form, very quick
A: small, carnivore
a: Curse Item, Scrying, Renounce Religion


You were on level 14 of the Dungeon.
You worshipped Ashenzari.
Ashenzari was most pleased with you.
You were completely stuffed.
You were a filthy swine.
You visited 3 branches of the dungeon, and saw 22 of its levels.
You also visited: Ossuary.

You collected 921 gold pieces.

Inventory:

Hand Weapons
 P - a +3 dagger (melded)
Missiles
 M - 3 exploding tomahawks (quivered)
Armour
 o - a cursed +0 hat (melded)
 s - a cursed +0 pair of gloves (melded)
 t - a +0 troll leather armour (melded)
 L - a +1 ring mail of magic resistance
Jewellery
 h - an amulet of guardian spirit (around neck)
 i - an uncursed amulet of harm
 n - an uncursed ring of resist corrosion
 p - an uncursed ring of protection from magic
 w - a +2 ring of intelligence (melded)
 A - an uncursed ring of protection from cold
 B - a cursed ring of wizardry (melded)
 H - an uncursed ring of ice
Wands
 a - a wand of polymorph (11)
 b - a wand of iceblast (10)
 c - a wand of flame (18)
 g - a wand of random effects (14)
 j - a wand of digging (12)
Scrolls
 k - 2 scrolls of magic mapping
 r - 2 scrolls of fog
 y - 2 scrolls of enchant weapon
 G - 2 scrolls of immolation
 I - a scroll of vulnerability {unknown}
 N - 2 scrolls of random uselessness {unknown}
 R - 2 scrolls of summoning
 S - 6 scrolls of remove curse
Potions
 e - 3 potions of mutation
 f - 2 potions of cancellation
 v - 3 potions of lignification
 x - 4 potions of brilliance
 z - 2 potions of flight
 C - 9 potions of curing
 F - 2 potions of magic
 J - 3 potions of resistance
Comestibles
 d - 35 rations


   Skills:
 + Level 9.2 Fighting
 + Level 11.6 Short Blades
 * Level 9.1 Armour
 + Level 11.1 Dodging
 + Level 12.1 Stealth
 - Level 6.2 Spellcasting
 + Level 11.3 Hexes
 + Level 2.4 Necromancy
 - Level 5.5 Evocations


You had 11 spell levels left.
You knew the following spells:

 Your Spells              Type           Power        Failure   Level  Hunger
a - Corona                Hex            #####..      1%          1    None
b - Ensorcelled Hibernat  Hex/Ice        ####..       1%          2    None
c - Confuse               Hex            #####...     1%          3    ##.....
d - Confusing Touch       Hex            #####.       1%          1    None
e - Regeneration          Chrm/Necr      ##........   22%         3    ##.....
f - Cause Fear            Hex            #####.....   1%          4    ####...

Your spell library contained the following spells:

 Spells                   Type           Power        Failure   Level  Hunger
 Slow                     Hex            #####...     1%          2    None
 Tukima's Dance           Hex            #####...     1%          3    ##.....
 Dazzling Spray           Conj/Hex       ####..       3%          3    ##.....
 Inner Flame              Hex/Fire       ####....     3%          3    ##.....
 Portal Projectile        Hex/Tloc       ####..       3%          3    ##.....
 Animate Skeleton         Necr           N/A          4%          1    None
 Pain                     Necr           ##..         4%          1    None
 Leda's Liquefaction      Hex/Erth       ####......   11%         4    ####...
 Apportation              Tloc           #.....       12%         1    None
 Freeze                   Ice            #...         12%         1    None
 Sting                    Conj/Pois      #...         12%         1    None
 Summon Small Mammal      Summ           #...         12%         1    None
 Vampiric Draining        Necr           ##........   13%         3    ##.....
 Poisonous Vapours        Pois/Air       #.....       19%         2    None
 Throw Frost              Conj/Ice       #.....       19%         2    None
 Mephitic Cloud           Conj/Pois/Air  #.......     34%         3    ##.....
 Ozocubu's Armour         Chrm/Ice       #.......     34%         3    ##.....
 Animate Dead             Necr           N/A          38%         4    ####...
 Force Lance              Conj/Tloc      #.......     75%         4    ####...
 Olgreb's Toxic Radiance  Pois           #.......     75%         4    ####...
 Sticky Flame             Conj/Fire      #.......     75%         4    ####...
 Summon Ice Beast         Ice/Summ       #.......     75%         4    ####...
 Throw Icicle             Conj/Ice       #.......     75%         4    ####...
 Iskenderun's Battlesphe  Conj/Chrm      #.......     97%         5    #####..
 Venom Bolt               Conj/Pois      #.........   97%         5    #####..
 Iron Shot                Conj/Erth      #.........   100%        6    #######


Dungeon Overview and Level Annotations

Branches:
Dungeon (15/15)            Temple (1/1) D:7            Lair (6/6) D:9
 Shoals (0/4) Lair:4       Spider (0/4) Lair:4        Slime (0/5) Lair:5
    Orc (0/2) D:10         Vaults (0/5) D:13
 Depths: D:15

Altars:
Ashenzari
Cheibriados
Dithmenos
Elyvilon
Fedhas
Gozag
Hepliaklqana
Kikubaaqudgha
Makhleb
Nemelex Xobeh
Okawaru
Qazlal
Ru
Sif Muna
Trog
Uskayaw
Vehumet
Wu Jian
Xom
Yredelemnul
Zin
The Shining One

Shops:
D:5 [   D:9 =   D:10 *   D:11 (

Annotations:
D:14 2 runed translucent doors, Lyco's ghost, journeyman GrGl
D:15 Kirke


Innate Abilities, Weirdness & Mutations

You are small and have problems with some larger weapons.
You are carnivorous and can eat meat at any time.


Message History

You barely miss the skeletal warrior.
The skeletal warrior is almost destroyed.
The skeletal warrior hits you with a +0 battleaxe!
* * * LOW HITPOINT WARNING * * *
The skeletal warrior barely misses you.
You hit the skeletal warrior.
You destroy the skeletal warrior!
Your surroundings suddenly seem different.
Found an escape hatch in the floor.
You see here a scroll of remove curse.
S - 6 scrolls of remove curse (gained 1)
You see here 16 gold pieces.
You now have 921 gold pieces (gained 16).
The skeletal warrior misses you.
You see here a ration.
d - 35 rations (gained 1)
You see here a potion of curing.
C - 9 potions of curing (gained 1)
The skeletal warrior hits you with a +0 battleaxe!!
You die...

######## #.......
######### #.....>.
##...#...###.......
##.........##..#####
#..............####^
#..hz.......#####."/
#............# #≈#..
##.........#.###≈≈8.
##.......##...##...
##.....#####.####+
#.....#####z.#...
#........##..###.
###....##.......#.
##8##...######.....


You could see a skeletal warrior.

Vanquished Creatures
  An ironheart preserver (D:13)
  Snorg (Lair:5)
  5 hydras
  A catoblepas (D:13)
  A death knight (D:14)
  4 two-headed ogres
  2 centaur warriors
  Nergalle (Lair:1)
  2 skeletal warriors (D:14)
  4 ugly things
  A wolf spider zombie (D:12)
  A deep elf mage (D:12)
  A manticore (D:11)
  2 black mambas
  3 elephants
  A molten gargoyle (Lair:5)
  2 gargoyles
  7 spiny frogs
  2 rime drakes
  An efreet (D:15)
  4 trolls
  5 blink frogs (Lair:3)
  A hornet (D:13)
  2 hippogriffs (D:10)
  5 slime creatures
  6 dream sheep (Lair:5)
  A meliai zombie (D:14)
  Sigmund (D:3)
  8 fire bats (Lair:1)
  2 shadows (D:11)
  2 wyverns (D:12)
  22 yaks
  2 basilisks
  A spriggan (Lair:4)
  A hungry ghost (D:10)
  A fire elemental (Lair:1)
  A hog (D:15)
  4 vampire mosquitoes (D:12)
  Edmund (D:5)
  An acid dragon (D:14)
  2 water moccasins
  3 orc warriors
  4 porcupines
  5 ice beasts
  5 sky beasts
  An eye of draining (D:11)
  13 wolves (Lair:5)
  8 ogres
  5 phantoms
  3 crocodiles
  A necrophage (D:6)
  9 centaurs
  14 bullfrogs
  2 wyvern zombies
  2 wyvern skeletons
  2 scorpions
  19 killer bees
  16 wights
  3 howler monkeys
  An electric eel (Lair:1)
  3 bullfrog zombies
  10 crimson imps
  A quasit (D:12)
  6 centaur zombies
  3 hounds
  4 centaur skeletons
  5 jellies
  6 orc priests
  14 orc wizards
  A bullfrog skeleton (D:5)
  Jessica (D:3)
  Ijyb (D:5)
  5 iguanas
  2 hell rats
  10 worker ants
  3 killer bee zombies
  2 hound zombies (Ossuary)
  12 mummies (Ossuary)
  6 worker ant zombies
  17 adders
  4 gnolls
  4 shadow imps
  3 oozes
  4 adder zombies
  2 adder skeletons
  2 worms
  5 leopard geckos
  41 orcs
  10 bats
  7 giant cockroaches
  9 goblins
  2 hobgoblins (D:2)
  14 jackals
  3 quokkas
  5 frilled lizards
  A goblin zombie (D:7)
  A jackal skeleton (D:6)
  A jackal zombie (Ossuary)
  5 kobolds
  A leopard gecko zombie (Ossuary)
  3 quokka zombies
  7 rats
  A fungus (Lair:4)
479 creatures vanquished.

Vanquished Creatures (others)
  A dream sheep (Lair:5)
  59 fungi
  10 plants
  2 withered plants (Ossuary)
72 creatures vanquished.

Grand Total: 551 creatures vanquished

Notes
Turn   | Place    | Note
-------+----------+-------------------------------------------
     0 | D:1      | Borgoz the Kobold Enchanter began the quest for the Orb.
     0 | D:1      | Reached XP level 1. HP: 10/10 MP: 3/3
   272 | D:1      | Reached XP level 2. HP: 15/15 MP: 5/5
  1160 | D:2      | Reached XP level 3. HP: 20/20 MP: 6/6
  1167 | D:2      | Learned a level 2 spell: Ensorcelled Hibernation
  1171 | D:2      | Learned a level 3 spell: Confuse
  1346 | D:2      | Reached skill level 1 in Armour
  1620 | D:2      | Reached XP level 4. HP: 20/24 MP: 4/7
  2285 | D:3      | Reached skill level 1 in Fighting
  2285 | D:3      | Reached XP level 5. HP: 29/29 MP: 8/8
  2590 | D:4      | Noticed a phantom
  2991 | D:3      | Noticed Jessica
  3009 | D:3      | Killed Jessica
  3137 | D:3      | Found a deep blue altar of Sif Muna.
  3137 | D:3      | Found an ancient bone altar of Kikubaaqudgha.
  3138 | D:3      | Found a radiant altar of Vehumet.
  3140 | D:3      | Identified Kikubaaqudgha's Catalogue of Unholy Secrets
  3174 | D:3      | Found a burning altar of Makhleb.
  3183 | D:3      | Found a shimmering altar of Xom.
  3196 | D:3      | Reached XP level 6. HP: 34/34 MP: 4/10
  3333 | D:3      | Noticed Sigmund
  3614 | D:3      | Killed Sigmund
  3614 | D:3      | Reached skill level 5 in Stealth
  3614 | D:3      | Reached XP level 7. HP: 40/40 MP: 2/11
  5146 | D:4      | Reached XP level 8. HP: 43/45 MP: 6/13
  5313 | D:4      | Reached skill level 5 in Hexes
  5473 | D:5      | Entered Level 5 of the Dungeon
  5634 | D:5      | Found Viutar's Armour Emporium.
  5951 | D:5      | Reached skill level 6 in Stealth
  5961 | D:5      | Noticed Edmund
  5989 | D:5      | Killed Edmund
  6515 | D:5      | Found a basalt altar of Yredelemnul.
  6561 | D:5      | Noticed Ijyb
  6567 | D:5      | Killed Ijyb
  6578 | D:5      | Found a white marble altar of Elyvilon.
  7110 | D:6      | Found an opulent altar of Gozag.
  7134 | D:6      | You fall through a shaft for 3 floors!
  7183 | D:9      | Reached XP level 9. HP: 47/51 MP: 13/15
  7203 | D:9      | Reached skill level 5 in Dodging
  7238 | D:9      | Found Pagg's Jewellery Emporium.
  7430 | D:8      | Reached skill level 5 in Short Blades
  7728 | D:9      | Noticed a two-headed ogre
  7924 | D:8      | Reached skill level 7 in Stealth
  8229 | D:7      | Found a hide-covered altar of Uskayaw.
  8229 | D:7      | Found a glowing silver altar of Zin.
  8229 | D:7      | Found a bloodstained altar of Trog.
  8255 | D:7      | Found a staircase to the Ecumenical Temple.
  8478 | D:7      | Found a sand-covered staircase.
  8500 | Ossuary  | Entered an ossuary
  8941 | Ossuary  | Reached XP level 10. HP: 55/58 MP: 10/17
  9069 | Ossuary  | Reached skill level 5 in Spellcasting
  9576 | D:7      | Found a stormy altar of Qazlal.
  9642 | Temple   | Entered the Ecumenical Temple
  9822 | Temple   | Became a worshipper of Ashenzari the Shackled
 10253 | D:6      | Reached skill level 5 in Fighting
 10485 | D:6      | Reached skill level 8 in Stealth
 12433 | D:9      | Found a staircase to the Lair.
 12589 | D:9      | Killed a two-headed ogre
 12853 | D:10     | Entered Level 10 of the Dungeon
 13008 | D:10     | Found Gozag's Platinum Reserve.
 13020 | D:10     | Reached XP level 11. HP: 61/64 MP: 8/19
 13102 | D:10     | Found an opulent altar of Gozag.
 13193 | D:10     | Reached * piety under Ashenzari
 13199 | D:10     | Found a staircase to the Orcish Mines.
 13298 | D:10     | Noticed a two-headed ogre
 13302 | D:10     | Killed a two-headed ogre
 13302 | D:10     | Reached skill level 5 in Armour
 13302 | D:10     | Reached skill level 9 in Stealth
 13664 | D:10     | Noticed a rakshasa
 13772 | Lair:1   | Entered Level 1 of the Lair of Beasts
 14358 | Lair:1   | Noticed Nergalle
 14388 | Lair:1   | Killed Nergalle
 15126 | Lair:1   | Reached skill level 10 in Stealth
 15270 | Lair:1   | Noticed a four-headed hydra
 15741 | D:11     | Reached XP level 12. HP: 53/71 MP: 10/21
 16933 | D:10     | Reached skill level 10 in Hexes
 17171 | D:11     | Identified the Compendium of Hurtful Displacement
 17335 | D:11     | Noticed a two-headed ogre
 17354 | D:11     | Killed a two-headed ogre
 17734 | D:11     | Found Werero's Weapon Shop.
 17813 | D:11     | Reached ** piety under Ashenzari
 18385 | D:12     | Reached skill level 10 in Short Blades
 18390 | D:12     | Noticed a four-headed hydra
 18475 | D:12     | Noticed an eight-headed hydra
 18476 | D:12     | Killed a four-headed hydra
 18476 | D:12     | Reached skill level 1 in Evocations
 19662 | D:12     | Reached XP level 13. HP: 40/77 MP: 3/22
 19779 | D:12     | Learned a level 3 spell: Regeneration
 20114 | D:13     | Noticed a centaur warrior
 20130 | D:13     | Killed a centaur warrior
 20155 | D:13     | Found a gate to the Vaults.
 20155 | D:13     | Noticed an ironheart preserver
 20181 | D:13     | Killed an ironheart preserver
 20856 | D:13     | Reached skill level 10 in Dodging
 21594 | D:13     | Noticed a seven-headed hydra
 21601 | D:13     | Killed a seven-headed hydra
 21601 | D:13     | Reached skill level 11 in Stealth
 21640 | D:13     | Noticed a catoblepas
 21646 | D:13     | Killed a catoblepas
 21646 | D:13     | Reached skill level 5 in Evocations
 22780 | Lair:1   | Killed a four-headed hydra
 23879 | Lair:3   | Reached *** piety under Ashenzari
 23879 | Lair:3   | Noticed a seven-headed hydra
 23881 | Lair:3   | Killed a seven-headed hydra
 24652 | Lair:3   | Noticed a five-headed hydra
 24659 | Lair:3   | Killed a five-headed hydra
 25195 | Lair:4   | Found a hole to the Spider Nest.
 25300 | Lair:4   | Reached XP level 14. HP: 75/84 MP: 10/23
 26100 | Lair:5   | Learned a level 1 spell: Confusing Touch
 26186 | Lair:5   | Reached skill level 1 in Necromancy
 26299 | Lair:5   | Noticed Snorg
 26319 | Lair:5   | Found a staircase to the Slime Pits.
 26331 | Lair:5   | Killed Snorg
 27036 | Lair:6   | Entered Level 6 of the Lair of Beasts
 27124 | Lair:5   | Learned a level 4 spell: Cause Fear
 27234 | Lair:4   | Noticed a dire elephant
 28300 | D:14     | Reached skill level 12 in Stealth
 28602 | D:14     | Found a shimmering altar of Xom.
 28650 | D:14     | Found a large runed translucent door.
 28650 | D:14     | Found a large runed translucent door.
 28651 | D:14     | Noticed Lyco's ghost (journeyman GrGl)
 28743 | D:15     | Entered Level 15 of the Dungeon
 28793 | D:15     | Noticed Kirke
 28866 | D:14     | Slain by a skeletal warrior

Skill      XL: |  1  2  3  4  5  6  7  8  9 10 11 12 13 14 |
---------------+-------------------------------------------+-----
Armour         | 1 2 3 4 5 7 8 9 |  9.1
Short Blades   | 2 3 4 5 7 8 10 11 | 11.6
Fighting       | 1 2 3 4 5 6 7 8 9 |  9.2
Dodging        | 3 4 5 7 8 9 10 11 | 11.1
Hexes          | 4 5 7 8 9 10 11 | 11.3
Stealth        | 5 6 7 8 10 11 12 | 12.1
Spellcasting   | 3 4 5 6 |  6.2
Evocations     | 2 5 |  5.5
Necromancy     | 2 |  2.4

Action                   |  1- 3 |  4- 6 |  7- 9 | 10-12 | 13-15 || total
-------------------------+-------+-------+-------+-------+-------++-------
Melee: Dagger            |    93 |   151 |   545 |   916 |   529 ||  2234
       Unarmed           |       |       |       |       |    14 ||    14
 Cast: Corona            |     1 |     3 |     1 |       |       ||     5
       Ensorcelled Hiber |     3 |    17 |    78 |   138 |   139 ||   375
       Confuse           |       |     2 |    22 |    79 |    56 ||   159
Invok: Curse Item        |       |       |       |     2 |     1 ||     3
Evoke: Wand              |       |       |     4 |    37 |     4 ||    45
  Use: Scroll            |     2 |     5 |     7 |     8 |    16 ||    38
       Potion            |     1 |     1 |     3 |     8 |     3 ||    16
 Stab: Sleeping          |    10 |    24 |    49 |    98 |    88 ||   269
       Distracted        |       |     1 |     1 |     1 |     1 ||     4
       Confused          |       |     1 |    18 |    47 |    31 ||    97
  Eat: Chunk             |    11 |     7 |    20 |    39 |    31 ||   108
Armor: Robe              |    22 |    24 |     5 |       |       ||    51
       Leather armour    |       |       |    84 |    12 |       ||    96
       Ring mail         |       |       |       |   153 |    48 ||   201
       Troll leather arm |       |       |       |       |     9 ||     9
Dodge: Dodged            |    75 |   143 |   392 |   611 |   410 ||  1631
